 Dungeon Crawl Stone Soup version 0.18.1-50-g88ac8fd (webtiles) character file.

1131 RudyRod the Firebug (level 8, -3/54 HPs)
             Began as a Demonspawn Fire Elementalist on Oct 24, 2016.
             Was a Priest of Vehumet.
             Slain by a wyvern (15 damage)
             ... on level 8 of the Dungeon.
             The game lasted 00:44:08 (10098 turns).

RudyRod the Firebug (Demonspawn Fire Elementalist) Turns: 10098, Time: 00:44:09

Health: -3/54      AC:  4    Str: 13    XL:     8   Next: 13%
Magic:  13/14      EV: 16    Int: 19    God:    Vehumet [***...]
Gold:   313        SH:  0    Dex: 12    Spells: 5 memorised, 3 levels left

rFire  . . .     SeeInvis .     A - staff of poison
rCold  . . .     Gourm    .     a - +1 robe
rNeg   . . .     Faith    .     (no shield)
rPois  +         Spirit   .     (no helmet)
rElec  .         Dismiss  +     (no cloak)
rCorr  .         Reflect  .     w - +0 pair of gloves
SustAt .         Harm     .     (no boots)
MR     .....                    t - amulet of dismissal
Stlth  ++........               (no ring)
                                h - +3 ring of evasion

@: mighty, heavily drained, not resistant to hostile enchantments, unstealthy
A: claws 2, clumsy 1, high mp 1, powered by pain 2, wild magic 1, rot immunity
a: Renounce Religion


You were on level 8 of the Dungeon.
You worshipped Vehumet.
Vehumet was most pleased with you.
You were not hungry.

You visited 2 branches of the dungeon, and saw 9 of its levels.
You also visited: Ossuary.

You collected 313 gold pieces.

Inventory:

Hand Weapons
 i - a +2 short sword of venom
 E - a +0 vampiric rapier
Missiles
 v - 115 stones (quivered)
Armour
 a - a +1 robe (worn)
 p - a +0 chain mail
 w - a +0 pair of gloves (worn)
Magical Staves
 A - an uncursed staff of poison (weapon)
Jewellery
 h - a +3 ring of evasion (left hand)
 t - an amulet of dismissal (around neck)
Wands
 y - a wand of random effects (26/48)
Scrolls
 g - 8 scrolls of remove curse
 r - a scroll of enchant weapon {unknown}
 u - 4 scrolls of identify
 x - 2 scrolls of enchant armour
 F - a scroll of magic mapping
Potions
 d - a potion of lignification {unknown}
 l - 5 potions of magic
 q - a potion of cancellation
 s - a potion of invisibility {unknown}
 D - a potion of flight {unknown}
Books
 b - a book of Flames

   Spells                             Type                      Level
   a - Flame Tongue                   Conjuration/Fire             1
   b - Throw Flame                    Conjuration/Fire             2
   c - Conjure Flame                  Conjuration/Fire             3
   d - Inner Flame                    Hexes/Fire                   3
   e - Sticky Flame                   Conjuration/Fire             4
   f - Fireball                       Conjuration/Fire             5
 c - a book of Geomancy

   Spells                             Type                      Level
   a - Sandblast                      Earth                        1
   b - Passwall                       Transmutation/Earth          2
   c - Stone Arrow                    Conjuration/Earth            3
   d - Petrify                        Transmutation/Earth          4
   e - Lee's Rapid Deconstruction     Earth                        5
 G - a book of Annihilations

   Spells                             Type                      Level
   a - Poison Arrow                   Conjuration/Poison           6
   b - Chain Lightning                Conjuration/Air              8
   c - Lehudib's Crystal Spear        Conjuration/Earth            8
   d - Glaciate                       Conjuration/Ice              9
   e - Fire Storm                     Conjuration/Fire             9
Comestibles
 k - 3 meat rations
 m - a bread ration
 z - 2 fruits
 C - 2 beef jerkies


   Skills:
 + Level 1.4(0.2) Fighting
 * Level 1.5(0.4) Armour
 + Level 4.0(2.8) Dodging
 * Level 4.1(2.8) Stealth
 + Level 0.6(0.0) Unarmed Combat
 + Level 3.6(2.4) Spellcasting
 + Level 3.4(2.2) Conjurations
 * Level 5.1(3.9) Fire Magic
 * Level 1.5(0.4) Earth Magic


You had 3 spell levels left.
You knew the following spells:

 Your Spells              Type           Power        Failure   Level  Hunger
a - Flame Tongue          Conj/Fire      ###..        2%          1    #......
b - Sandblast             Erth           #.....       5%          1    #......
c - Searing Ray           Conj           ##....       4%          2    ##.....
d - Sticky Flame          Conj/Fire      ###.....     19%         4    #####..
e - Ignite Poison         Fire/Trmt/Pois ##......     13%         3    ###....


Dungeon Overview and Level Annotations

Branches:
Dungeon (8/15)             Temple (1/1) D:6
   Lair: D:8-11

Altars:
Ashenzari
Dithmenos
Fedhas
Gozag
Kikubaaqudgha
Makhleb
Nemelex Xobeh
Okawaru
Pakellas
Qazlal
Ru
Trog
Vehumet
Yredelemnul
The Shining One

Shops:
D:5 (   D:6 }


Innate Abilities, Weirdness & Mutations

You have very sharp fingernails.
You sometimes gain power by taking damage.
You are immune to rotting.
You are clumsy. (Dex -2)
You have an increased reservoir of magic (+10% MP).
Your spells are a little harder to cast, but a little more powerful.


Message History

The wyvern misses you. The wyvern closely misses you.
Casting: Flame Tongue
Confirm with . or Enter, or press ? or * to list all spells.
Aiming: Flame Tongue
Press: ? - help, Shift-Dir - straight line, f/p - wyvern
Aim: a wyvern (severely wounded)
The flame tongue hits the wyvern.
The wyvern is severely wounded.
The wyvern bites you!
* * * LOW HITPOINT WARNING * * *
You focus on the pain.
You feel your power returning.
Casting: Flame Tongue
Confirm with . or Enter, or press ? or * to list all spells.
Aiming: Flame Tongue
Press: ? - help, Shift-Dir - straight line, f/p - wyvern
Aim: a wyvern (severely wounded)
The flame tongue hits the wyvern.
The wyvern is severely wounded.
The wyvern barely misses you. The wyvern bites you!
You die...

....... ....#
....!.. ....#
.......♣....#
............#
#...........#
#...........###
#..............
#......@.......
#.......l......
#...........###
#..............
##########.....
..... .... ...$


You could see a wyvern.

Vanquished Creatures
  A centaur (D:6)
  An elf zombie (Ossuary)
  A water moccasin zombie (D:7)
  A scorpion (D:5)
  A wight (D:7)
  A centaur zombie (Ossuary)
  2 orc priests
  A hound (D:6)
  6 orc wizards
  A centaur skeleton (D:4)
  6 worker ants
  2 hound skeletons
  2 mummies (Ossuary)
  12 adders
  4 oozes
  An adder zombie (Ossuary)
  4 worms
  4 dart slugs
  6 giant geckos
  15 orcs
  4 ball pythons
  7 giant cockroaches
  12 goblins
  5 hobgoblins
  9 jackals
  2 quokkas
  11 bats
  5 giant newts
  A goblin zombie (Ossuary)
  8 hobgoblin zombies (Ossuary)
  2 jackal zombies (Ossuary)
  14 kobolds
  9 kobold zombies (Ossuary)
  9 orc zombies (Ossuary)
  10 rats
  4 rat zombies (Ossuary)
184 creatures vanquished.

Vanquished Creatures (others)
  A fungus (D:1)
1 creature vanquished.

Grand Total: 185 creatures vanquished

Notes
Turn   | Place    | Note
--------------------------------------------------------------
     0 | D:1      | RudyRod the Demonspawn Fire Elementalist began the quest for the Orb.
     0 | D:1      | Reached XP level 1. HP: 13/13 MP: 3/3
   131 | D:1      | Reached skill level 3 in Fire Magic
   169 | D:1      | Gained mutation: You are immune to rotting. [demonic ancestry]
   169 | D:1      | Reached XP level 2. HP: 15/19 MP: 3/5
   826 | D:1      | Gained mutation: You have sharp fingernails. [demonic ancestry]
   826 | D:1      | Reached XP level 3. HP: 24/24 MP: 0/6
  1875 | D:2      | Gained mutation: You have very sharp fingernails. [demonic ancestry]
  1875 | D:2      | Reached XP level 4. HP: 28/30 MP: 5/7
  2198 | D:2      | Found a radiant altar of Vehumet.
  2227 | D:2      | Became a worshipper of Vehumet
  2285 | D:2      | Reached skill level 4 in Fire Magic
  3059 | D:3      | Gained mutation: You sometimes gain a little power by taking damage. [demonic ancestry]
  3059 | D:3      | Reached XP level 5. HP: 35/35 MP: 4/8
  3315 | D:3      | Reached * piety under Vehumet
  3315 | D:3      | Offered knowledge of Sandblast by Vehumet.
  4293 | D:4      | Learned a level 1 spell: Sandblast
  4456 | D:4      | Gained mutation: You sometimes gain power by taking damage. [demonic ancestry]
  4456 | D:4      | Reached XP level 6. HP: 18/41 MP: 5/10
  5060 | D:4      | Found an opulent altar of Gozag.
  5061 | D:4      | Found a sacrificial altar of Ru.
  5070 | D:4      | Found an ancient bone altar of Kikubaaqudgha.
  5072 | D:4      | Found a shattered altar of Ashenzari.
  5073 | D:4      | Found a basalt altar of Yredelemnul.
  5496 | D:5      | Entered Level 5 of the Dungeon
  5550 | D:5      | Found a sand-covered staircase.
  5559 | Ossuary  | Entered an ossuary
  6060 | Ossuary  | Offered knowledge of Searing Ray by Vehumet.
  6065 | Ossuary  | Learned a level 2 spell: Searing Ray
  6165 | Ossuary  | Reached ** piety under Vehumet
  6182 | Ossuary  | Gained mutation: Your spells are a little harder to cast, but a little more powerful. [potion of beneficial mutation]
  6577 | D:5      | Found a stormy altar of Qazlal.
  6634 | D:5      | Found Jaraerr's Antique Weapon Shoppe.
  7188 | D:5      | Reached XP level 7. HP: 47/47 MP: 9/11
  8225 | D:6      | Gained mutation: You have an increased reservoir of magic (+10% MP). [potion of mutation]
  8225 | D:6      | Gained mutation: You are clumsy. (Dex -2) [potion of mutation]
  8230 | D:6      | Reached skill level 1 in Fighting
  8230 | D:6      | Reached skill level 1 in Armour
  8230 | D:6      | Reached skill level 1 in Earth Magic
  8422 | D:6      | Found a sparkling altar of Nemelex Xobeh.
  8471 | D:6      | Found Vyguyjy's Gadget Emporium.
  8499 | D:6      | Found a staircase to the Ecumenical Temple.
  8508 | Temple   | Entered the Ecumenical Temple
  8728 | D:6      | Learned a level 4 spell: Sticky Flame
  9293 | D:7      | Offered knowledge of Ignite Poison by Vehumet.
  9412 | D:7      | Learned a level 3 spell: Ignite Poison
  9743 | D:7      | Reached skill level 5 in Fire Magic
  9747 | D:7      | Reached XP level 8. HP: 48/54 MP: 3/14
  9787 | D:7      | Reached *** piety under Vehumet
 10098 | D:8      | Slain by a wyvern

Skill      XL: |  1  2  3  4  5  6  7 |
---------------+----------------------+-----
Fire Magic     | 3 4 5 |  5.1
Stealth        | 2 3 4 |  4.1
Dodging        | 2 3 4 |  4.0
Conjurations   | 2 3 |  3.4
Spellcasting   | 3 |  3.6
Fighting       | 1 |  1.4
Armour         | 1 |  1.5
Earth Magic    | 1 |  1.5
Unarmed Combat | |  0.6

Action                   |  1- 3 |  4- 6 |  7- 9 || total
-------------------------+-------+-------+-------++-------
Melee: Unarmed           |    29 |    90 |       ||   119
       Staff             |       |   133 |    33 ||   166
 Cast: Flame Tongue      |    59 |   224 |   144 ||   427
       Sandblast         |       |    14 |       ||    14
       Searing Ray       |       |       |     1 ||     1
  Use: Scroll            |       |     6 |     2 ||     8
       Potion            |       |     4 |     9 ||    13
 Stab: Sleeping          |       |     4 |     1 ||     5
  Eat: Chunk             |     1 |     3 |       ||     4
       Bread ration      |     1 |     2 |       ||     3
       Beef jerky        |       |     2 |       ||     2
       Meat ration       |       |     1 |     1 ||     2
Armor: Robe              |    10 |    87 |    23 ||   120
Dodge: Dodged            |    32 |   218 |   106 ||   356
